 Dungeon Crawl Stone Soup version 0.26-a0-712-ga5a9c9c9d0 (webtiles) character file.

Game seed: 4919129077764627101

16730 kae the Transmogrifier (level 12, -5/116 HPs)
             Began as a Naga Transmuter on Nov 5, 2020.
             Was the Champion of Cheibriados.
             Slain by Gastronok (34 damage)
             ... on level 3 of the Lair of Beasts.
             The game lasted 00:15:43 (20181 turns).

kae the Transmogrifier (Naga Transmuter)           Turns: 20181, Time: 00:15:43

Health: -5/116     AC:  7    Str: 31    XL:     12   Next: 40%
Magic:  14/18      EV: 14    Int: 29    God:    Cheibriados [******]
Gold:   888        SH:  0    Dex: 28    Spells: 6/19 levels left

rFire    . . .     SeeInvis +     - Unarmed
rCold    . . .     Faith    .   (shield currently unavailable)
rNeg     . . .     Spirit   .   a - +0 robe
rPois    +         Reflect  .   (no helmet)
rElec    .         Harm     .   h - +1 cloak (curse)
rCorr    .         Rampage  .   (gloves currently unavailable)
MR       +....                  (no barding)
Stlth    ++........             (no amulet)
HPRegen  0.29/turn              c - ring of wizardry
MPRegen  0.16/turn              (no ring)

@: blade hands, slowed, very slow
A: large, see invisible, deformed body, poison resistance, slowness 2, spit
poison 1, AC +4
a: Spit Poison, End Transformation, Bend Time, Temporal Distortion, Slouch, Step
From Time, Renounce Religion


You were on level 3 of the Lair of Beasts.
You worshipped Cheibriados.
Cheibriados was exalted by your worship.
You had blades for hands.
You visited 3 branches of the dungeon, and saw 15 of its levels.

You collected 888 gold pieces.

Inventory:

Armour
 a - a +0 robe (worn)
 h - a cursed +1 cloak (worn)
Jewellery
 c - a ring of wizardry (left scythe-like blade)
 e - an uncursed ring of poison resistance {unknown}
 v - an uncursed amulet of regeneration
 w - an uncursed amulet of the acrobat
 A - an uncursed ring of flight {unknown}
 C - the amulet "Quhasoimuu" {rElec Regen+ Dex+3 Stlth-, unknown}
   (You found it on level 9 of the Dungeon)

   [amulet of regeneration]

   It affects your dexterity (+3).
   It insulates you from electricity.
   It increases your rate of regeneration.
   It makes you less stealthy.
 D - an uncursed ring of protection from fire {unknown}
 H - a +6 ring of intelligence {unknown}
Wands
 j - a wand of flame (6)
 o - a wand of iceblast (8)
 y - a wand of acid (33)
 E - a wand of digging (3)
 G - a wand of polymorph (10)
 I - a wand of paralysis (1)
Scrolls
 b - 9 scrolls of remove curse
 d - 9 scrolls of amnesia
 i - 6 scrolls of identify
 p - 2 scrolls of immolation
 q - 2 scrolls of teleportation
 r - 3 scrolls of enchant armour
 s - 2 scrolls of enchant weapon
 t - 4 scrolls of magic mapping
 x - a scroll of random uselessness {unknown}
 B - a scroll of blinking
 F - a scroll of fog {unknown}
Potions
 f - 5 potions of degeneration
 g - 3 potions of lignification
 k - 3 potions of cancellation
 l - a potion of might {unknown}
 m - 4 potions of flight {unknown}
 n - 2 potions of resistance
 u - 5 potions of curing {unknown}
 z - 2 potions of ambrosia {unknown}


   Skills:
 - Level 10.0 Fighting
 + Level 4.8 Dodging
 - Level 11.0 Unarmed Combat
 - Level 4.0 Spellcasting
 - Level 11.2 Transmutations
 - Level 4.0 Ice Magic
 - Level 3.0 Poison Magic


You had 6 spell levels left.
You knew the following spells:

 Your Spells              Type           Power        Failure   Level
a - Beastly Appendage     Tmut           ######       2%          1
b - Spider Form           Tmut/Pois      #####.....   6%          3
c - Blade Hands           Tmut           ######....   9%          5
d - Ice Form              Ice/Tmut       ######..     11%         4

Your spell library contained the following spells:

 Spells                   Type           Power        Failure   Level
 Wereblood                Tmut           ######..     2%          2
 Animate Skeleton         Necr           #.....       16%         1
 Apportation              Tloc           #.....       16%         1
 Corona                   Hex            #......      16%         1
 Pain                     Necr           #...         16%         1
 Summon Small Mammal      Summ           #...         16%         1
 Vampiric Draining        Necr           #.........   32%         3
 Animate Dead             Necr           #.........   58%         4
 Agony                    Necr           #.......     85%         5


Dungeon Overview and Level Annotations

Branches:
Dungeon (11/15)            Temple (1/1) D:4            Lair (3/6) D:9
    Orc (0/2) D:9
  Swamp: Lair:2-4    Shoals: Lair:2-4     Snake: Lair:2-4    Spider: Lair:2-4

Altars:
Ashenzari
Cheibriados
Dithmenos
Elyvilon
Fedhas
Gozag
Hepliaklqana
Kikubaaqudgha
Makhleb
Nemelex Xobeh
Okawaru
Qazlal
Ru
Sif Muna
Trog
Uskayaw
Vehumet
Wu Jian
Xom
Yredelemnul
Zin
The Shining One
Beogh

Shops:
D:4 [

Annotations:
Lair:1 2 transporters
Lair:3 Gastronok


Innate Abilities, Weirdness & Mutations

You cannot wear boots.
Your serpentine skin is tough. (AC +4)
You have supernaturally acute eyesight. (SInv)
Armour fits poorly on your strangely shaped body.
Your system is resistant to poisons. (rPois)
You cover ground very slowly.
You can spit poison.


Message History

You shred the rat!!!
You kill the rat!
The rat's corpse disappears in a puff of smoke!
Gastronok waves his eye-stalks in wide circles.
The air twists around and strikes you! Gastronok bites you!!
* * * LOW HITPOINT WARNING * * *
Gastronok barely misses you.
Found 14 gold pieces.
You see here a yak corpse.
You hit Gastronok.
Gastronok is lightly wounded.
You shred Gastronok!!!
Gastronok is moderately wounded.
Gastronok casts a spell at you.
You feel as though you will be slow longer.
You slice Gastronok!!
Gastronok is heavily wounded.
Gastronok bites you!!
You die...

......###.P###
........#.##
.........#.#
..........##
..|......##
#........#
##.###...#
#..## #@##
#.w# ....#
......#
.........
.........
.........
........$.


You could see Gastronok (swift).

Vanquished Creatures
  A two-headed ogre (D:8)
  Urug (Lair:3)
  Nergalle (Lair:3)
  An unseen horror (D:11)
  2 centaur zombies (D:10)
  Psyche (D:11)
  A black mamba (Lair:3)
  A gargoyle (D:11)
  A cane toad (Lair:1)
  Maggie (D:10)
  A kobold demonologist (D:11)
  A komodo dragon (Lair:1)
  2 trolls (D:9)
  Grinder (D:4)
  A shadow (D:11)
  Sigmund (D:4)
  22 yaks
  Eustachio (D:4)
  Menkaure (D:5)
  3 wargs (D:8)
  A soldier ant (D:10)
  Duvessa (D:4)
  2 water moccasins
  6 orc warriors
  4 phantoms
  4 sky beasts
  2 ice beasts
  A black bear (D:8)
  6 wolves (Lair:3)
  9 ogres
  2 centaurs
  A big kobold (D:11)
  A wyvern zombie (D:10)
  9 bullfrogs
  A gnoll sergeant (D:7)
  Dowan (D:4)
  2 scorpions
  3 killer bees (D:11)
  A howler monkey (D:7)
  15 wights
  2 jellies
  3 bullfrog zombies
  4 hounds
  9 orc priests
  Crazy Yiuf (D:3)
  3 bullfrog skeletons
  20 orc wizards
  A centaur skeleton (D:9)
  An iguana (D:10)
  11 worker ants
  A hound skeleton (D:7)
  2 worker ant zombies
  Robin (D:2)
  15 adders
  9 gnolls
  3 shadow imps
  3 white imps
  An ufetubus (D:5)
  An ooze (D:6)
  2 adder skeletons
  2 worms
  A dart slug (D:3)
  12 leopard geckos
  40 orcs
  7 bats
  6 giant cockroaches
  4 hobgoblins
  17 jackals
  11 kobolds
  4 quokkas
  3 ball pythons
  6 frilled lizards
  22 goblins
  A jackal skeleton (D:5)
  A quokka skeleton (D:8)
  7 rats
354 creatures vanquished.

Vanquished Creatures (others)
  13 fungi
  3 plants (Lair:3)
16 creatures vanquished.

Grand Total: 370 creatures vanquished

Notes
Turn   | Place    | Note
-------+----------+-------------------------------------------
     0 | D:1      | kae the Naga Transmuter began the quest for the Orb.
     0 | D:1      | Reached XP level 1. HP: 18/18 MP: 3/3
   165 | D:1      | Reached XP level 2. HP: 19/25 MP: 5/5
   704 | D:2      | Reached XP level 3. HP: 31/31 MP: 4/6
   709 | D:2      | Learned a level 3 spell: Spider Form
   918 | D:2      | Reached skill level 1 in Poison Magic
  1020 | D:2      | Noticed Robin
  1457 | D:2      | Reached XP level 4. HP: 11/38 MP: 3/7
  1837 | D:2      | Noticed an ogre
  1855 | D:2      | Killed an ogre
  1855 | D:2      | Reached XP level 5. HP: 44/44 MP: 2/8
  1996 | D:2      | Killed Robin
  3214 | D:3      | Reached XP level 6. HP: 40/51 MP: 6/9
  3545 | D:3      | Reached skill level 5 in Transmutations
  4973 | D:3      | Found a runed translucent door.
  4974 | D:3      | Noticed Crazy Yiuf
  4984 | D:3      | Killed Crazy Yiuf
  5172 | D:4      | Noticed Duvessa
  5172 | D:4      | Noticed Dowan
  5183 | D:4      | Killed Dowan
  5183 | D:4      | Reached XP level 7. HP: 55/57 MP: 6/10
  5353 | D:4      | Killed Duvessa
  5600 | D:4      | Reached skill level 5 in Unarmed Combat
  5819 | D:4      | Noticed Eustachio
  5830 | D:4      | Killed Eustachio
  5920 | D:4      | Noticed Grinder
  5931 | D:4      | Killed Grinder
  5931 | D:4      | Reached XP level 8. HP: 36/64 MP: 9/12
  6080 | D:4      | Noticed Sigmund
  6091 | D:4      | Killed Sigmund
  6429 | D:4      | Found Fokluit's Antique Armour Boutique.
  6451 | D:4      | Found a staircase to the Ecumenical Temple.
  6583 | Temple   | Entered the Ecumenical Temple
  6696 | Temple   | Became a worshipper of Cheibriados the Contemplative
  6761 | D:5      | Entered Level 5 of the Dungeon
  7866 | D:5      | Noticed Menkaure
  7870 | D:5      | Killed Menkaure
  7870 | D:5      | Reached XP level 9. HP: 36/70 MP: 11/15
  8114 | D:5      | Learned a level 5 spell: Blade Hands
  8119 | D:5      | Learned a level 4 spell: Ice Form
  8254 | D:6      | Reached skill level 1 in Ice Magic
  8690 | D:6      | Reached * piety under Cheibriados
  9009 | D:6      | Found an opulent altar of Gozag.
  9494 | D:7      | Found a stormy altar of Qazlal.
  9831 | D:7      | Found an iron altar of Okawaru.
 10392 | D:7      | Reached ** piety under Cheibriados
 10754 | D:7      | Reached skill level 10 in Transmutations
 10972 | D:7      | Reached XP level 10. HP: 78/78 MP: 12/16
 11546 | D:8      | Reached *** piety under Cheibriados
 12614 | D:9      | Noticed a two-headed ogre
 12627 | D:8      | Killed a two-headed ogre
 13353 | D:9      | Found a staircase to the Lair.
 13377 | D:9      | Reached **** piety under Cheibriados
 13388 | D:9      | Reached skill level 10 in Unarmed Combat
 13596 | D:9      | Reached XP level 11. HP: 56/84 MP: 17/17
 14472 | D:9      | Got a steaming bone amulet
 14907 | D:9      | Found a staircase to the Orcish Mines.
 14917 | D:9      | Found a roughly hewn altar of Beogh.
 14930 | D:9      | Reached ***** piety under Cheibriados
 15395 | D:10     | Entered Level 10 of the Dungeon
 15395 | D:10     | Noticed Maggie
 15579 | D:10     | Killed Maggie
 15869 | D:10     | Reached skill level 5 in Fighting
 16690 | D:11     | Noticed an unseen horror
 16702 | D:11     | Killed an unseen horror
 17141 | D:11     | Noticed Psyche
 17152 | D:11     | Killed Psyche
 18416 | Lair:1   | Entered Level 1 of the Lair of Beasts
 18904 | Lair:1   | Reached XP level 12. HP: 114/114 MP: 13/18
 18951 | Lair:1   | Found a transporter.
 19182 | Lair:1   | Found a transporter.
 19517 | Lair:2   | You fall into a shaft and drop 1 floor!
 19518 | Lair:3   | Noticed Urug
 19523 | Lair:3   | Killed Urug
 19661 | Lair:3   | Noticed Nergalle
 19668 | Lair:3   | Killed Nergalle
 19851 | Lair:3   | Reached ****** piety under Cheibriados
 19854 | Lair:3   | Reached skill level 10 in Fighting
 20154 | Lair:3   | Noticed Gastronok
 20181 | Lair:3   | Slain by Gastronok

Illustrated notes

Levels and vault maps discovered:
D:1:      wander_arrival_peaceful_grave, layout_basic
D:2:      layout_basic, uniq_robin
D:3:      layout_basic, nrook_loot_triangle, uniq_crazy_yiuf_cottage
D:4:      layout_loops_ring, minmay_temple_entry_poolview, serial_shops,
          shop_coins, uniq_eustachio, uniq_sigmund, uniq_duvessa, uniq_grinder
D:5:      layout_basic, uniq_menkaure
D:6:      layout_loops_ring, basic_altar
D:7:      cheibrodos_barr_body, layout_gridville, grunt_qazlal_sundering,
          okawaru_trees_1
D:8:      layout_basic, moated_statue
D:9:      layout_loops_corners, erik_lair_orcish_takeover,
          minmay_orc_entry_temple_small, grunt_ministairs_1, corner_web_ring,
          minivault_16, hangedman_abyss_or_decor_clamps,
          hangedman_decor_riveting
D:10:     layout_irregular_city, uniq_maggie
D:11:     layout_irregular_city, chequers_arboretum, uniq_psyche
Temple:   kilobyte_greek_temple
Lair:1:   gammafunk_cloud_chamber, layout_regular_city
Lair:2:   layout_big_grid, swamp_mist_pool, minmay_lindwurm_lava
Lair:3:   layout_cave_pods, uniq_urug, uniq_nergalle, uniq_prince_ribbit2,
          uniq_gastronok

Skill      XL: |  1  2  3  4  5  6  7  8  9 10 11 12 |
---------------+-------------------------------------+-----
Transmutations | 3 4 5 7 8 10 11 | 11.2
Poison Magic   | 1 3 |  3.0
Unarmed Combat | 4 5 6 7 10 11 | 11.0
Spellcasting   | 3 4 |  4.0
Ice Magic      | 4 |  4.0
Fighting       | 9 10 | 10.0
Dodging        | 2 4 |  4.8

Action                   |  1- 3 |  4- 6 |  7- 9 | 10-12 || total
-------------------------+-------+-------+-------+-------++-------
Melee: Unarmed           |   124 |   189 |   241 |   416 ||   970
       Headbutt          |    16 |     5 |       |       ||    21
       Punch             |       |     1 |     1 |       ||     2
 Cast: Beastly Appendage |    19 |    15 |     2 |       ||    36
       Spider Form       |     2 |    16 |    27 |       ||    45
       Ice Form          |       |       |    15 |    57 ||    72
       Blade Hands       |       |       |     4 |     1 ||     5
 Abil: Spit Poison       |    18 |    13 |    19 |     7 ||    57
  Use: Potion            |     1 |     1 |     1 |     3 ||     6
       Scroll            |       |     8 |     3 |     6 ||    17
 Stab: Sleeping          |       |       |     1 |     3 ||     4
       Distracted        |       |       |       |     1 ||     1
Armor: Robe              |    19 |    31 |     7 |     9 ||    66
       Skin              |       |     2 |    22 |   103 ||   127
Dodge: Dodged            |    96 |   136 |   137 |   227 ||   596

Table legend: (Time is in decaauts)
 A = Elapsed time spent in this place.
 B = Non-inter-level travel time spent in this place.
 C = Inter-level travel time spent in this place.
 D = Time resting spent in this place.
 E = Time spent auto-exploring this place.
 F = Levels seen in this place.
 G = Mean time per level.
                   A        B        C        D        E       F      G
               +--------+--------+--------+--------+--------+-----+--------+
         Total |  27151 |  25968 |   1183 |   3523 |  19769 |  15 | 1810.1 |
       Dungeon |  24058 |  22957 |   1101 |   3138 |  17346 |  11 | 2187.1 |
        Temple |    223 |    158 |     65 |      0 |    146 |   1 |  223.0 |
          Lair |   2870 |   2855 |     15 |    385 |   2277 |   3 |  956.7 |
               +--------+--------+--------+--------+--------+-----+--------+

Top non-repeatable levels by time:
     D:9: 3369 daAuts
    D:11: 2637 daAuts
     D:2: 2527 daAuts
     D:8: 2465 daAuts
     D:7: 2423 daAuts
     D:3: 2260 daAuts
    D:10: 1954 daAuts
  Lair:1: 1947 daAuts
     D:4: 1829 daAuts
     D:5: 1820 daAuts
     D:6: 1786 daAuts
     D:1: 984 daAuts
  Lair:3: 906 daAuts
  Temple: 223 daAuts
  Lair:2: 15 daAuts
